 Dungeon Crawl Stone Soup version 0.27.1-34-g3ba077fa99 (webtiles) character file.

Game seed: 4331089192146547014

100 sankara the Ruffian (level 4, -6/38 HPs)
             Began as a Ghoul Monk on Jan 18, 2022.
             Mangled by a scorpion (9 damage)
             ... on level 6 of the Dungeon.
             The game lasted 00:03:36 (2137 turns).

sankara the Ruffian (Ghoul Monk)                    Turns: 2137, Time: 00:03:36

Health: -6/38      AC:  3    Str: 14    XL:     4   Next: 73%
Magic:  3/3        EV: 12    Int:  6    God:
Gold:   114        SH:  0    Dex: 11    Spells: 3/3 levels left

rFire    . . .     SeeInvis .     - Unarmed
rCold    + + .     Faith    .   (no shield)
rNeg     + + +     Spirit   .   d - +0 leather armour
rPois    ∞         Reflect  .   (no helmet)
rElec    .         Harm     .   (no cloak)
rCorr    .         Rampage  .   (no gloves)
Will     .....                  (no boots)
Stlth    ++........             (no amulet)
HPRegen  0.00/turn              i - ring of protection from cold
MPRegen  0.08/turn              (no ring)

@: inhibited regen
A: claws 1, cold resistance 1, negative energy resistance 3, inhibited
regeneration, torment resistance 2
a: no special abilities


You were on level 6 of the Dungeon.
You visited 1 branch of the dungeon, and saw 4 of its levels.

You collected 114 gold pieces.

Inventory:

Missiles
 b - 90 stones (quivered)
 g - 5 boomerangs
Armour
 a - a +0 robe
 d - a +0 leather armour (worn)
Jewellery
 i - a ring of protection from cold (left claw)
 l - an amulet of faith
Scrolls
 e - a scroll of enchant weapon {unknown}
 f - a scroll of immolation {unknown}
 j - a scroll of enchant armour {unknown}
 k - 2 scrolls of teleportation {unknown}
Potions
 c - a potion of brilliance {unknown}
 h - a potion of might {unknown}


   Skills:
 - Level 3.2 Fighting
 + Level 1.4 Armour
 - Level 2.6 Dodging
 - Level 2.1 Stealth
 * Level 5.4 Unarmed Combat


You had 3 spell levels left.
You didn't know any spells.
Your spell library contained the following spells:

 Spells                   Type           Power      Damage    Failure   Level
 Hailstorm                Conj/Ice       0%         3d3       99%         4
 Simulacrum               Ice/Necr       0%         N/A       100%        6
 Ice Form                 Ice/Tmut       Unusable   N/A       N/A         4

Dungeon Overview and Level Annotations

Branches:
Dungeon (3/15)

Altars:


Innate Abilities, Weirdness & Mutations

You thrive by killing the living.
You are immune to poison.
You have sharp fingernails.
Your flesh is cold resistant. (rC+)
You are immune to negative energy. (rN+++)
You do not regenerate when monsters are visible.
You are immune to unholy pain and torment.


Message History

HP restored.
Found an escape hatch in the ceiling.
Found a scroll labelled PYUMOCH LACZU.
There is an escape hatch in the ceiling here.
A scorpion comes into view.
You scratch the scorpion.
The scorpion is lightly wounded.
The scorpion stings you.
You claw the scorpion!
The scorpion is heavily wounded.
The scorpion misses you. The scorpion closely misses you.
You barely miss the scorpion.
The scorpion is heavily wounded.
The scorpion stings you.
You scratch the scorpion but do no damage.
The scorpion is heavily wounded.
The scorpion stings you.
You scratch the scorpion but do no damage.
The scorpion is heavily wounded.
The scorpion stings you!
You are too injured to fight recklessly!
You barely miss the scorpion. Your claw misses the scorpion.
The scorpion is heavily wounded.
The scorpion closely misses you.
You scratch the scorpion.
The scorpion is severely wounded.
The scorpion stings you.
You completely miss the scorpion.
The scorpion is severely wounded.
The scorpion stings you.
* * * LOW HITPOINT WARNING * * *
You scratch the scorpion but do no damage.
The scorpion is severely wounded.
The scorpion stings you but does no damage.
You scratch the scorpion but do no damage.
The scorpion is severely wounded.
The scorpion stings you.
* * * LOW HITPOINT WARNING * * *
The scorpion stings you!
You die...

#.############
#.#....##...#.
#.#.#.....#...
#.#..#...#.#..
#.#...#...#...
..#########.#.....#.....
.......<....#....#######
..#####....##...#..#
####@#####..#...#
#...s....#.#.....#
#..##.....##........ #.
#.....# .....### ..
#..........### ..
....?..... . #..........
........... #......#..##


You could see a scorpion.

Vanquished Creatures
  3 adders
  A white imp (D:6)
  7 dart slugs
  5 bats
  5 endoplasms
  3 giant cockroaches
  2 goblins (D:2)
  9 hobgoblins
  A quokka (D:1)
  4 ball pythons
  2 frilled lizards (D:1)
  4 kobolds
  3 rats
49 creatures vanquished.

Notes
Turn   | Place    | Note
-------+----------+-------------------------------------------
     0 | D:1      | sankara the Ghoul Monk began the quest for the Orb.
     0 | D:1      | Reached XP level 1. HP: 19/19 MP: 0/0
   276 | D:1      | Reached XP level 2. HP: 26/26 MP: 1/1
   286 | D:1      | Found a faded altar of an unknown god.
   369 | D:1      | Reached skill level 4 in Unarmed Combat
   910 | D:2      | Reached XP level 3. HP: 31/31 MP: 2/2
  1438 | D:2      | Reached skill level 1 in Armour
  1438 | D:2      | Reached skill level 5 in Unarmed Combat
  1438 | D:2      | Reached XP level 4. HP: 32/38 MP: 3/3
  2055 | D:3      | You fall into a shaft and drop 3 floors!
  2122 | D:6      | Noticed a scorpion
  2137 | D:6      | Mangled by a scorpion

Illustrated notes

Levels and vault maps discovered:
D:1:      dpeg_arrival_renting, layout_basic,
          shapermc_ecumenical_altar_mp_ritualfount, lemuel_old_faithful
D:2:      layout_loops_cross, amethyst_killhole
D:3:      kennysheep_slugbush, layout_basic, gammafunk_ghost_split
D:6:      cheibrodos_thug_alley, layout_rooms, mainiacjoe_overflow_brackets,
          hangedman_decor_slide_cut

Skill      XL: |  1  2  3 |
---------------+----------+-----
Unarmed Combat | 4 5 |  5.4
Armour         | 1 |  1.4
Fighting       | |  3.2
Dodging        | |  2.6
Stealth        | |  2.1

Action                   |  1- 3 |  4- 6 || total
-------------------------+-------+-------++-------
Melee: Unarmed           |    79 |    48 ||   127
       Punch             |       |     2 ||     2
 Stab: Sleeping          |     4 |       ||     4
Armor: Robe              |    11 |       ||    11
       Leather armour    |    12 |     8 ||    20
Dodge: Dodged            |    40 |    21 ||    61
